 Dungeon Crawl Stone Soup version 0.19.0-19-g8c6edcc (webtiles) character file.

90260 Firebatgyro the Unseen (level 15, 0/79 HPs)
             Began as a Spriggan Monk on Nov 11, 2016.
             Was the Champion of Dithmenos.
             Succumbed to a swamp dragon's poison gas
             ... on level 3 of the Swamp on Nov 12, 2016.
             The game lasted 01:21:45 (25953 turns).

Firebatgyro the Unseen (Spriggan Monk)             Turns: 25953, Time: 01:21:46

Health: 0/79       AC: 10    Str:  7    XL:     15   Next: 51%
Magic:  3/27       EV: 36    Int: 11    God:    Dithmenos [******]
Gold:   1169       SH: 10    Dex: 26    Spells: 5 memorised, 15 levels left

rFire  + . .     SeeInvis +     B - +2 short sword (freeze)
rCold  . . .     Gourm    .     X - +0 troll leather armour
rNeg   . . .     Faith    .     F - +2 buckler {AC+3}
rPois  .         Spirit   +     (helmet restricted)
rElec  .         Reflect  .     W - +2 cloak {rF+}
rCorr  .         Harm     .     (gloves unavailable)
MR     +++..                    (boots unavailable)
Stlth  ++++++++++               Z - amulet of guardian spirit
                                q - +2 ring of evasion
                                P - ring of protection from magic

@: lethally poisoned (0 -> -37), wreathed by umbra, very quick
A: unfitting armour, see invisible, herbivore 3, speed 3, slow metabolism 2
a: Shadow Step, Shadow Form, Renounce Religion


You were on level 3 of the Swamp.
You worshipped Dithmenos.
Dithmenos was exalted by your worship.
You were not hungry.

You visited 5 branches of the dungeon, and saw 28 of its levels.
You also visited: Bailey and Volcano.

You collected 2466 gold pieces.
You spent 1297 gold pieces at shops.

Inventory:

Hand Weapons
 B - a +2 short sword of freezing (weapon)
 Y - a +1 scimitar of holy wrath
Missiles
 r - 92 poisoned needles
Armour
 y - +0 gold dragon scales
 F - a +2 buckler of protection (worn)
 W - a +2 cloak of fire resistance (worn)
 X - a +0 troll leather armour (worn)
Jewellery
 a - an uncursed ring of ice
 i - a +5 ring of strength
 q - a +2 ring of evasion (right hand)
 x - an uncursed ring of wizardry
 P - a ring of protection from magic (left hand)
 V - an uncursed ring of teleportation
 Z - an amulet of guardian spirit (around neck)
Wands
 o - a wand of lightning (8/15)
 s - a wand of acid (5/15)
 A - a wand of disintegration (2/24)
 C - a wand of heal wounds (6/9)
 L - a wand of teleportation (5/9)
 U - a wand of paralysis (16/24)
Scrolls
 d - 16 scrolls of identify
 f - 3 scrolls of amnesia
 h - 10 scrolls of remove curse
 j - a scroll of summoning
 k - a scroll of teleportation
 u - 2 scrolls of magic mapping
 H - a scroll of enchant armour
 I - 3 scrolls of fog
 Q - 3 scrolls of enchant weapon
 R - 2 scrolls of recharging
 S - a scroll of fear
 T - a scroll of vulnerability
Potions
 b - 3 potions of berserk rage
 e - 3 potions of flight
 g - 3 potions of ambrosia
 l - 6 potions of lignification
 m - 2 potions of heal wounds
 p - 4 potions of haste
 v - 4 potions of agility
 w - 3 potions of magic
 z - 3 potions of brilliance
 E - 3 potions of might
 J - 3 potions of resistance
 O - a potion of cure mutation
Miscellaneous
 K - a fan of gales
Comestibles
 c - 12 bread rations
 n - 25 fruits
 M - a royal jelly


   Skills:
 - Level 9.6 Fighting
 - Level 13.3 Short Blades
 - Level 16.4 Dodging
 + Level 19.5 Stealth
 - Level 2.1 Shields
 + Level 7.7 Spellcasting
 + Level 7.9 Hexes
 + Level 5.7 Translocations
 - Level 3.8 Ice Magic
 - Level 8.5 Invocations
 - Level 4.0 Evocations


You had 15 spell levels left.
You knew the following spells:

 Your Spells              Type           Power        Failure   Level  Hunger
a - Ensorcelled Hibernat  Hex/Ice        ###...       6%          2    #......
b - Confuse               Hex            ###.....     4%          3    ###....
c - Invisibility          Hex            ###.....     99%         6    #######
d - Apportation           Tloc           ###.......   3%          1    None
e - Shroud of Golubria    Chrm/Tloc      ##........   17%         2    #......


Dungeon Overview and Level Annotations

Branches:
Dungeon (15/15)            Temple (1/1) D:6            Lair (6/6) D:10
  Swamp (4/4) Lair:2       Spider (0/4) Lair:3          Orc (2/2) D:9
    Elf (0/3) Orc:2        Depths (0/5) D:15
  Slime: Lair:5-6    Vaults: D:13-14

Altars:
Ashenzari
Cheibriados
Dithmenos
Fedhas
Gozag
Hepliaklqana
Kikubaaqudgha
Okawaru
Trog
Vehumet
Zin
Beogh

Shops:
D:8 !   D:11 }   D:14 }   Orc:2 *}=!

Annotations:
D:3 1 runed door
D:7 1 runed door, Voda's ghost, novice MfIE
D:8 Gastronok
D:10 tairseth's ghost, journeyman MiFi
Lair:3 Nergalle
Lair:6 SpyPoet's ghost, journeyman MiFi


Innate Abilities, Weirdness & Mutations

You are very small and have problems with some larger weapons.
You are too small for most types of armour.
You have supernaturally acute eyesight. (SInv)
You are a herbivore.
You cover ground extremely quickly.
You need consume almost no food.


Message History

Confirm with . or Enter, or press ? or * to list all spells.
Aiming: Ensorcelled Hibernation
Press: ? - help, Shift-Dir - straight line, f - five-headed hydra
Aim: a five-headed hydra (umbra, chance to defeat MR: 16%)
Okay, then.
A swamp worm comes into view.
* * * LOW HITPOINT WARNING * * *
You feel very sick.
* * * LOW HITPOINT WARNING * * *
You feel very sick.
Found an escape hatch in the ceiling.
* * * LOW HITPOINT WARNING * * *
You feel very sick.
* * * LOW HITPOINT WARNING * * *
You feel very sick.
There is a stone staircase leading up here.
* * * LOW HITPOINT WARNING * * *
You feel very sick.
You climb upwards.
You die...

♣.≈≈≈≈.≈≈≈♣
♣♣≈≈≈≈?≈≈≈≈
♣♣♣.....≈.≈≈ ♣♣
♣.≈.≈≈....≈♣..♣
≈≈≈≈.≈.≈≈≈...
≈≈≈≈..≈≈≈♣
♣..≈≈..♣♣
♣≈≈@≈≈..♣
♣.≈≈.≈≈≈♣♣
♣♣.(|≈♣≈♣
♣♣.≈≈♣ ♣ ..≈≈≈
....≈♣♣ ♣≈≈≈.♣
♣♣♣≈.)


There were no monsters in sight!

Vanquished Creatures
  An orc warlord (Orc:1)
  A red draconian (Volcano)
  A dire elephant (D:15)
  Snorg (Orc:1)
  A fire dragon (Lair:6)
  Erolcha (D:10)
  Harold (Lair:1)
  11 hydras
  A centaur warrior (Volcano)
  6 alligators
  2 ogre magi (Orc:2)
  4 death yaks (Lair:4)
  An unseen horror (D:13)
  3 swamp dragons
  An orc knight (Orc:2)
  2 deep trolls (Orc:2)
  A lindwurm (Lair:6)
  10 hill giants
  A wizard (D:15)
  A wolf spider (D:15)
  A deep elf mage (D:12)
  3 orc sorcerers
  A manticore (D:15)
  A salamander (D:15)
  11 cyclopes
  6 ugly things
  5 elephants (Lair:4)
  3 centaur zombies
  5 black mambas
  A torpor snail (Lair:6)
  2 gargoyles
  2 rime drakes
  2 centaur skeletons
  3 molten gargoyles (Lair:6)
  6 spiny frogs
  A kobold demonologist (D:11)
  11 komodo dragons
  An efreet (D:13)
  3 polar bears
  A harpy zombie (D:14)
  3 meliai (D:13)
  4 hornets
  A tyrant leech (Swamp:2)
  8 two-headed ogres
  18 trolls
  A bog body (Swamp:1)
  19 blink frogs
  11 hippogriffs
  3 shadows
  A wraith (D:11)
  4 spriggans
  A yak (shapeshifter) (D:15)
  6 redbacks
  4 wyverns
  27 yaks
  6 basilisks
  Grum (D:9)
  A steam dragon (Lair:6)
  6 vampire mosquitoes
  2 hungry ghosts
  A mottled dragon (Lair:6)
  A soldier ant (D:11)
  A swamp worm (Swamp:1)
  6 wargs
  6 hell hounds
  14 water moccasins
  2 black bears
  A swamp drake (Lair:2)
  9 porcupines
  3 ice beasts
  27 ogres
  21 orc warriors
  5 phantoms
  10 wolves
  3 sky beasts
  4 boggarts (D:15)
  3 necrophages
  9 centaurs
  11 crocodiles
  A big kobold (D:10)
  The ghost of jefus the Sneak, an amateur VSAs (D:4)
  16 bullfrogs
  A water moccasin zombie (D:5)
  A wyvern skeleton (D:13)
  6 scorpions
  7 killer bees
  6 wights
  6 howler monkeys
  An electric eel (Lair:1)
  4 crimson imps
  4 lava snakes (Lair:6)
  4 jellies
  A quasit (D:9)
  2 hounds (D:6)
  13 orc wizards
  3 bullfrog skeletons
  16 orc priests
  4 iguanas
  7 worker ants
  A hound zombie (D:8)
  A howler monkey zombie (D:5)
  8 gnolls
  19 adders
  2 howler monkey skeletons
  A river rat (D:10)
  3 shadow imps
  An adder zombie (D:5)
  An adder skeleton (D:7)
  2 worms (D:3)
  2 dart slugs
  3 leopard geckos
  69 orcs
  4 bats
  2 giant cockroaches
  15 goblins
  6 hobgoblins
  9 jackals
  4 quokkas
  A ball python (D:1)
  A frilled lizard (D:1)
  A jackal skeleton (D:4)
  9 kobolds
  2 quokka skeletons
  14 rats
669 creatures vanquished.

Vanquished Creatures (others)
  2 blink frogs (Swamp:4)
  An ogre (Orc:2)
  2 orcs (D:13)
  7 fungi
  A plant (Lair:4)
13 creatures vanquished.

Grand Total: 682 creatures vanquished

Notes
Turn   | Place    | Note
-------+----------+-------------------------------------------
     0 | D:1      | Firebatgyro the Spriggan Monk began the quest for the Orb.
     0 | D:1      | Reached XP level 1. HP: 11/11 MP: 2/2
   163 | D:1      | Reached XP level 2. HP: 14/16 MP: 3/3
   633 | D:1      | Reached skill level 5 in Dodging
   931 | D:2      | Found a bloodstained altar of Trog.
  1012 | D:2      | Reached skill level 4 in Stealth
  1012 | D:2      | Reached XP level 3. HP: 16/19 MP: 4/4
  1681 | D:2      | Reached XP level 4. HP: 23/23 MP: 5/5
  2044 | D:3      | Reached skill level 5 in Stealth
  2389 | D:3      | Reached XP level 5. HP: 27/27 MP: 6/6
  2454 | D:3      | Found a glowing silver altar of Zin.
  2460 | D:3      | Found a runed door.
  2460 | D:3      | Noticed an angel
  2735 | D:4      | Noticed an ogre
  2746 | D:4      | Killed an ogre
  2746 | D:4      | Reached skill level 5 in Short Blades
  2746 | D:4      | Reached skill level 6 in Stealth
  2746 | D:4      | Reached XP level 6. HP: 32/32 MP: 7/7
  2780 | D:4      | Noticed jefus's ghost (amateur VSAs)
  2782 | D:4      | Killed jefus's ghost
  3341 | D:4      | Reached skill level 7 in Stealth
  3341 | D:4      | Reached XP level 7. HP: 27/35 MP: 8/8
  3508 | D:5      | Entered Level 5 of the Dungeon
  3918 | D:5      | Reached skill level 8 in Stealth
  4447 | D:6      | Found a staircase to the Ecumenical Temple.
  4450 | Temple   | Entered the Ecumenical Temple
  4483 | Temple   | Became a worshipper of Dithmenos the Shadowed
  4483 | Temple   | Reached * piety under Dithmenos
  4483 | Temple   | Reached ** piety under Dithmenos
  4992 | D:6      | Reached XP level 8. HP: 39/39 MP: 9/9
  5032 | D:6      | Reached skill level 9 in Stealth
  5053 | D:6      | Reached skill level 1 in Invocations
  5529 | D:7      | Found an iron altar of Okawaru.
  5529 | D:7      | Found a snail-covered altar of Cheibriados.
  5530 | D:7      | Found a radiant altar of Vehumet.
  5677 | D:7      | Noticed a hippogriff
  5688 | D:7      | Killed a hippogriff
  5688 | D:7      | Reached skill level 10 in Dodging
  5688 | D:7      | Reached skill level 10 in Stealth
  6007 | D:7      | Noticed a sixfirhy
  6008 | D:7      | Found a runed door.
  6010 | D:7      | Reached XP level 9. HP: 43/43 MP: 12/12
  6153 | D:7      | Found an opulent altar of Gozag.
  6188 | D:7      | Noticed Voda's ghost (novice MfIE)
  6437 | D:8      | Reached *** piety under Dithmenos
  6506 | D:8      | Noticed a cyclops
  6577 | D:8      | Found Huuwen's Distillery.
  6581 | D:8      | Bought a potion of haste for 110 gold pieces
  6581 | D:8      | Bought 2 potions of curing for 66 gold pieces
  6581 | D:8      | Bought a potion of mutation for 27 gold pieces
  6581 | D:8      | Bought a potion of degeneration for 11 gold pieces
  6581 | D:8      | Bought 2 potions of lignification for 66 gold pieces
  6589 | D:8      | Reached skill level 11 in Stealth
  6685 | D:8      | Noticed Gastronok
  7161 | D:9      | Noticed Grum
  7176 | D:9      | Killed Grum
  7222 | D:9      | Found a flagged portal.
  7372 | Bailey   | Entered a bailey
  7734 | D:9      | Found a blossoming altar of Fedhas.
  7734 | D:9      | Found an ancient bone altar of Kikubaaqudgha.
  7807 | D:9      | Found a staircase to the Orcish Mines.
  7901 | D:9      | Noticed a troll
  7918 | D:10     | Entered Level 10 of the Dungeon
  7980 | D:10     | Noticed Erolcha
  7984 | D:10     | Noticed tairseth's ghost (journeyman MiFi)
  8000 | D:10     | Killed Erolcha
  8000 | D:10     | Reached skill level 12 in Stealth
  8000 | D:10     | Reached XP level 10. HP: 26/49 MP: 14/14
  8274 | D:10     | Noticed a hill giant
  8302 | D:10     | Killed a hill giant
  8328 | D:10     | Identified a scroll of acquirement
  8431 | D:10     | Found a shattered altar of Ashenzari.
  8514 | D:10     | Found a staircase to the Lair.
  8515 | D:10     | Reached **** piety under Dithmenos
  8806 | Lair:1   | Entered Level 1 of the Lair of Beasts
  8808 | Lair:1   | Noticed an eight-headed hydra
  9064 | D:11     | Reached skill level 10 in Short Blades
  9074 | D:11     | Found Kaskest's Gadget Emporium.
  9075 | D:11     | Reached skill level 13 in Stealth
  9448 | D:11     | Reached skill level 5 in Fighting
  9923 | D:12     | Noticed a hill giant
  9925 | D:12     | Killed a hill giant
  9925 | D:12     | Reached XP level 11. HP: 56/56 MP: 15/15
 10356 | D:12     | Noticed a cyan ugly thing
 10356 | D:12     | Noticed a green ugly thing
 10356 | D:12     | Noticed a hill giant
 10356 | D:12     | Noticed a deep elf knight
 10357 | D:12     | Noticed a deep elf archer
 10358 | D:12     | Noticed a deep elf mage
 10403 | D:13     | Noticed a brown ugly thing
 10702 | Lair:1   | Reached skill level 14 in Stealth
 10702 | Lair:1   | Reached skill level 1 in Evocations
 10949 | Lair:1   | Killed an eight-headed hydra
 10949 | Lair:1   | Reached skill level 1 in Shields
 11039 | Lair:1   | Noticed Harold
 11106 | Lair:1   | Reached ***** piety under Dithmenos
 11180 | Lair:1   | Killed Harold
 11392 | Lair:1   | Noticed an eight-headed hydra
 11398 | Lair:1   | Killed an eight-headed hydra
 12017 | Lair:2   | Found a staircase to the Swamp.
 12493 | Lair:2   | Reached XP level 12. HP: 42/62 MP: 16/16
 12672 | Lair:3   | Noticed Nergalle
 12751 | Lair:3   | Reached skill level 15 in Stealth
 12784 | Lair:3   | Noticed a six-headed hydra
 12814 | Lair:3   | Killed a six-headed hydra
 12814 | Lair:3   | Reached skill level 5 in Invocations
 12919 | Lair:3   | Found a hole to the Spider Nest.
 13577 | Lair:4   | Noticed a five-headed hydra
 13583 | Lair:4   | Killed a five-headed hydra
 13702 | Lair:4   | Reached skill level 15 in Dodging
 13711 | Lair:4   | Found a dark tunnel.
 13717 | Volcano  | Entered a volcano
 13752 | Volcano  | Noticed a red draconian
 13758 | Volcano  | Killed a red draconian
 13758 | Volcano  | Reached skill level 16 in Stealth
 13796 | Volcano  | Noticed a centaur warrior
 13805 | Volcano  | Killed a centaur warrior
 14093 | Lair:4   | Noticed a four-headed hydra
 14097 | Lair:4   | Killed a four-headed hydra
 14159 | Lair:4   | Reached XP level 13. HP: 58/67 MP: 19/19
 15300 | Lair:6   | Entered Level 6 of the Lair of Beasts
 16144 | Lair:6   | Reached skill level 17 in Stealth
 16825 | Lair:6   | Noticed SpyPoet's ghost (journeyman MiFi)
 17583 | Lair:6   | Found a large runed door.
 17583 | Lair:6   | Found a large runed door.
 17599 | Lair:6   | Noticed a fire dragon
 17635 | Lair:6   | Killed a fire dragon
 17651 | Lair:6   | Upgraded the game from 0.19.0-18-g426998a to 0.19.0-19-g8c6edcc
 17693 | Lair:6   | Reached XP level 14. HP: 74/74 MP: 21/21
 18115 | Orc:1    | Entered Level 1 of the Orcish Mines
 18131 | Orc:1    | Reached ****** piety under Dithmenos
 18533 | Orc:1    | Noticed Snorg
 18581 | Orc:1    | Killed Snorg
 18714 | Orc:1    | Learned a level 2 spell: Ensorcelled Hibernation
 18897 | Orc:1    | Found a roughly hewn altar of Beogh.
 18942 | Orc:2    | Entered Level 2 of the Orcish Mines
 19302 | Orc:1    | Reached skill level 1 in Hexes
 19732 | Orc:2    | Reached skill level 1 in Spellcasting
 20124 | Orc:2    | Reached skill level 1 in Ice Magic
 20138 | Orc:2    | Noticed an orc warlord
 20371 | Orc:1    | Killed an orc warlord
 20568 | Orc:2    | Found Tyqeusuw's Assorted Antiques.
 20609 | Orc:2    | Found Xefracw's Gadget Shoppe.
 20673 | Orc:2    | Reached skill level 18 in Stealth
 20840 | Orc:2    | Learned a level 3 spell: Confuse
 20864 | Orc:2    | Found Aghexar's Jewellery Shop.
 20866 | Orc:2    | Bought a bubbling cyan potion for 29 gold pieces
 20879 | Orc:2    | Found Kuss's Distillery.
 20995 | Orc:2    | Bought a cursed amulet of inaccuracy for 28 gold pieces
 21018 | Orc:2    | Found a staircase to the Elven Halls.
 21191 | D:11     | Bought a wand of heal wounds (6/9) for 960 gold pieces
 21779 | D:12     | Reached skill level 5 in Spellcasting
 21869 | D:12     | Reached skill level 5 in Hexes
 22933 | D:14     | Found Xale's Gadget Shoppe.
 23123 | D:14     | Reached XP level 15. HP: 79/79 MP: 24/24
 23147 | D:14     | Learned a level 6 spell: Invisibility
 23149 | D:14     | Learned a level 1 spell: Apportation
 23462 | D:15     | Entered Level 15 of the Dungeon
 23475 | D:15     | Reached skill level 1 in Translocations
 23606 | D:15     | Found a staircase to the Depths.
 23649 | D:15     | Reached skill level 19 in Stealth
 23762 | D:15     | Found a blossoming altar of Fedhas.
 24533 | Swamp:1  | Entered Level 1 of the Swamp
 24938 | Swamp:1  | Learned a level 2 spell: Shroud of Golubria
 25108 | Swamp:3  | Reached skill level 5 in Translocations
 25162 | Swamp:4  | Entered Level 4 of the Swamp
 25932 | Swamp:4  | Identified Gexer's Sophisticated Spellcasting
 25953 | Swamp:3  | Succumbed to a swamp dragon's poison gas

Skill      XL: |  1  2  3  4  5  6  7  8  9 10 11 12 13 14 15 |
---------------+----------------------------------------------+-----
Dodging        | 5 6 7 8 10 11 12 14 15 16 | 16.4
Stealth        | 4 5 6 7 8 10 12 13 14 16 17 18 19 | 19.5
Short Blades   | 4 5 6 7 9 10 11 12 13 | 13.3
Invocations    | 3 4 6 8 |  8.5
Fighting       | 4 5 6 7 8 9 |  9.6
Evocations     | 4 |  4.0
Shields        | 2 |  2.1
Hexes          | 5 7 |  7.9
Spellcasting   | 5 7 |  7.7
Ice Magic      | 3 |  3.8
Translocations | 5 |  5.7

Action                   |  1- 3 |  4- 6 |  7- 9 | 10-12 | 13-15 || total
-------------------------+-------+-------+-------+-------+-------++-------
Melee: Short sword       |   133 |   138 |   516 |   922 |  2820 ||  4529
       Scimitar          |       |       |       |       |    15 ||    15
 Fire: Blowgun           |       |       |    11 |       |       ||    11
Throw: Throwing net      |       |       |       |     1 |       ||     1
 Cast: Ensorcelled Hiber |       |       |       |       |    53 ||    53
Invok: Shadow Step       |       |       |     1 |     5 |     3 ||     9
Evoke: Wand              |       |     6 |    14 |     5 |     4 ||    29
  Use: Scroll            |     4 |     2 |    12 |     7 |    13 ||    38
       Potion            |       |       |       |     6 |    10 ||    16
 Stab: Sleeping          |     9 |    12 |    41 |    51 |    79 ||   192
       Distracted        |       |       |     2 |     3 |    23 ||    28
       Paralysed         |       |       |       |     1 |       ||     1
       Invisible         |       |       |       |       |     3 ||     3
  Eat: Bread ration      |       |       |     1 |     1 |     3 ||     5
       Pizza             |       |       |       |     1 |     2 ||     3
Armor: Robe              |     3 |     8 |    13 |    28 |    38 ||    90
       Troll leather arm |       |       |       |       |    68 ||    68
Dodge: Dodged            |    89 |    96 |   418 |   518 |  1840 ||  2961
Block: Buckler           |       |       |       |   234 |   900 ||  1134
       Rpst.: Scimitar   |       |       |       |       |     2 ||     2
